 Dungeon Crawl Stone Soup version 0.29-a0-1047-g7c58e119a4 (webtiles) character file.

Game seed: 17626413956009109213

30 polve the Chopper (level 3, 0/29 HPs)
             Began as a Demonspawn Berserker on Aug 16, 2022.
             Was a Follower of Trog.
             Slain by a rat (2 damage)
             ... on level 2 of the Dungeon.
             The game lasted 00:00:51 (1557 turns).

polve the Chopper (Demonspawn Berserker)            Turns: 1557, Time: 00:00:52

Health: 0/29       AC:  4    Str: 19    XL:     3   Next: 5%
Magic:  3/3        EV: 12    Int:  8    God:    Trog [*.....]
Gold:   68         SH:  0    Dex: 12    Spells: 2/2 levels left

rFire   . . .      SeeInvis .   a - +0 hand axe
rCold   . . .      Faith    .   (no shield)
rNeg    . . .      Spirit   .   b - +0 animal skin
rPois   .          Reflect  .   (no helmet)
rElec   .          Harm     .   (no cloak)
rCorr   .          Rampage  .   (no gloves)
Will    .....                   (no boots)
Stlth   +.........              (no amulet)
HPRegen 0.09/turn               (no ring)
MPRegen 0.08/turn               (no ring)

@: no status effects
A: yellow scales 1, demonic magic 1
a: Renounce Religion, Berserk


You were on level 2 of the Dungeon.
You worshipped Trog.
Trog was aware of your devotion.
You visited 1 branch of the dungeon, and saw 2 of its levels.

You collected 68 gold pieces.

Inventory:

Hand Weapons
 a - a +0 hand axe (weapon)
Armour
 b - a +0 animal skin (worn)
Scrolls
 e - a scroll of teleportation {unknown}
 f - a scroll of immolation {unknown}
 g - a scroll of silence {unknown}
Potions
 c - a potion of curing {unknown}
 d - 2 potions of might {unknown}


   Skills:
 - Level 3.0 Fighting
 + Level 3.8 Axes
 - Level 1.7 Armour
 - Level 1.7 Dodging


You had 2 spell levels left.
You didn't know any spells.
Your spell library was empty.

Dungeon Overview and Level Annotations

Branches:
Dungeon (2/15)

Altars:


Innate Abilities, Weirdness & Mutations

You are partially covered in yellow scales. (AC +2)
Spells you cast may paralyse adjacent enemies.


Message History

The rat misses you. The rat barely misses you. The rat closely misses you.
The rat barely misses you. The rat misses you. The rat closely misses you.
The rat bites you but does no damage. The rat misses you.
The rat barely misses you. The rat bites you but does no damage.
The rat closely misses you. The rat barely misses you.
The rat bites you but does no damage. The rat bites you but does no damage.
The rat barely misses you. The rat bites you but does no damage.
The rat bites you but does no damage. The rat bites you but does no damage.
The rat misses you. The rat bites you but does no damage.
The rat bites you but does no damage. The rat bites you but does no damage.
The rat barely misses you. The rat misses you.
The rat bites you but does no damage. The rat bites you but does no damage.
The rat bites you but does no damage. The rat bites you but does no damage.
The rat barely misses you. The rat barely misses you.
The rat barely misses you. The rat bites you but does no damage.
The rat bites you but does no damage. The rat bites you but does no damage.
The rat bites you.
* * * LOW HITPOINT WARNING * * *
The rat barely misses you. The rat completely misses you. The rat bites you.
You die...

.###.####.#######
#.# #>†......
#.####.#######
#.......#
######..# ####..#
#.....#
.#####.##..#
.......@...#
######r###.# #.
#... #. ###.# #.
# #. #. #<


You could see a rat.

Vanquished Creatures
  2 dart slugs (D:1)
  A ball python (D:2)
  2 endoplasms (D:1)
  A giant cockroach (D:1)
  2 goblins
  6 jackals
  A kobold (D:1)
  2 quokkas (D:1)
  2 frilled lizards (D:2)
  5 rats (D:1)
24 creatures vanquished.

Notes
Turn   | Place    | Note
-------+----------+-------------------------------------------
     0 | D:1      | polve the Demonspawn Berserker began the quest for the Orb.
     0 | D:1      | Reached XP level 1. HP: 18/18 MP: 1/1
   357 | D:1      | Gained mutation: You are partially covered in yellow
                  | scales. (AC +2) [demonic ancestry]
   357 | D:1      | Reached XP level 2. HP: 24/24 MP: 2/2
  1303 | D:2      | Gained mutation: Spells you cast may paralyse adjacent
                  | enemies. [demonic ancestry]
  1303 | D:2      | Reached XP level 3. HP: 26/29 MP: 3/3
  1518 | D:2      | HP: 1/29 [rat (1)]
  1557 | D:2      | Slain by a rat

Illustrated notes

Levels and vault maps discovered:
D:1:      doesnt_arrival_eight_statues, layout_basic, minmay_liquid_box,
          minivault_11
D:2:      layout_loops_ring, hellmonk_ecumenical_altar_lost_god, minmay_bisected

Skill      XL: |  1 |
---------------+----+-----
Axes           | 3 |  3.8
Fighting       | |  3.0
Armour         | |  1.7
Dodging        | |  1.7

Action                   || total
-------------------------++-------
Melee: Hand axe          ||    59
       Punch             ||     1
Invok: Berserk           ||     1
Armor: Animal skin       ||    71
Dodge: Dodged            ||   139

Table legend: (Time is in decaauts)
 A = Elapsed time spent in this place.
 B = Non-inter-level travel time spent in this place.
 C = Inter-level travel time spent in this place.
 D = Time resting spent in this place.
 E = Time spent auto-exploring this place.
 F = Levels seen in this place.
 G = Mean time per level.
                   A        B        C        D        E       F      G
               +--------+--------+--------+--------+--------+-----+--------+
         Total |   1572 |   1564 |      8 |      0 |   1243 |   2 |  786.0 |
       Dungeon |   1572 |   1564 |      8 |      0 |   1243 |   2 |  786.0 |
               +--------+--------+--------+--------+--------+-----+--------+

Top non-repeatable levels by time:
     D:1: 1266 daAuts
     D:2: 305 daAuts
